 Dungeon Crawl Stone Soup version 0.29-a0-234-g0dae59b3db (webtiles) character file.

Game seed: 11593719297388759912

11 enile the Skirmisher (level 2, 0/26 HPs)
             Began as a Demigod Wanderer on Mar 3, 2022.
             Slain by a jackal (1 damage)
             ... on level 1 of the Dungeon.
             The game lasted 00:00:54 (234 turns).

enile the Skirmisher (Demigod Wanderer)              Turns: 234, Time: 00:00:55

Health: 0/26       AC:  3    Str: 10 (12) XL:     2   Next: 3%
Magic:  4/4        EV: 10    Int: 10 (13) God:
Gold:   0          SH:  6    Dex: 13 (15) Spells: 1/1 levels left

rFire   . . .      SeeInvis .   a - +0 hunting sling
rCold   . . .      Faith    .   b - +2 buckler
rNeg    . . .      Spirit   .   d - +0 robe
rPois   .          Reflect  .   (no helmet)
rElec   .          Harm     .   (no cloak)
rCorr   .          Rampage  .   (no gloves)
Will    .....                   c - +0 pair of boots
Stlth   ++........              (no amulet)
HPRegen 0.08/turn               (no ring)
MPRegen 0.09/turn               (no ring)

@: attractive
A: high MP 1, forlorn, divine attributes
a: no special abilities


You were on level 1 of the Dungeon.
You visited 1 branch of the dungeon, and saw 1 of its levels.

Inventory:

Hand Weapons
 a - a +0 hunting sling (weapon)
Armour
 b - a +2 buckler (worn)
 c - a +0 pair of boots (worn)
 d - a +0 robe (worn)


   Skills:
 + Level 3.3 Fighting
 - Level 1.7 Slings
 - Level 1.7 Stealth
 - Level 2.6 Shields


You had one spell level left.
You didn't know any spells.
Your spell library was empty.

Dungeon Overview and Level Annotations

Branches:
Dungeon (1/15)


Innate Abilities, Weirdness & Mutations

You have an increased reservoir of magic. (+10% MP)
You shall have no god before yourself.
Your divine heritage dramatically boosts your attributes as you level up.


Message History

The jackal bites you. x2
* * * LOW HITPOINT WARNING * * *
The jackal bites you but does no damage. x2
Fire: a) +0 hunting sling
Press: ? - help, Q - select action Shift-Dir - straight line, f/p - jackal
Aim: a jackal (45% to hit)
You shoot a sling bullet. The sling bullet hits the jackal.
The jackal is moderately wounded.
You block the jackal's attack. The jackal closely misses you. x2
You block the jackal's attack.
Fire: a) +0 hunting sling
Press: ? - help, Q - select action Shift-Dir - straight line, f/p - jackal
Aim: a jackal (moderately wounded, 45% to hit)
You shoot a sling bullet.
The sling bullet closely misses the jackal.
The jackal bites you but does no damage.
The jackal bites you.
* * * LOW HITPOINT WARNING * * *
The jackal bites you but does no damage.
The jackal bites you.
* * * LOW HITPOINT WARNING * * *
Fire: a) +0 hunting sling
Press: ? - help, Q - select action Shift-Dir - straight line, f/p - jackal
Aim: a jackal (moderately wounded, 45% to hit)
You shoot a sling bullet. The sling bullet hits the jackal.
The jackal is heavily wounded.
You block the jackal's attack. x2; The jackal bites you.
* * * LOW HITPOINT WARNING * * *
The jackal barely misses you.
Fire: a) +0 hunting sling
Press: ? - help, Q - select action Shift-Dir - straight line, f/p - jackal
Aim: a jackal (heavily wounded, 45% to hit)
You shoot a sling bullet.
The sling bullet hits the jackal but does no damage.
The jackal is heavily wounded.
The jackal bites you but does no damage.
The jackal barely misses you.
The jackal bites you but does no damage. x2
The jackal bites you.
You die...

#......................
#....#.####............
#....#.#..#............
#....#.#..#............
...#............
...####.#............
........'............
######.#............
#@h..#.......)....
#h################ #.#
#.# #.. ###


You could see 2 jackals.

Vanquished Creatures
  A ball python (D:1)
  An endoplasm (D:1)
  A giant cockroach (D:1)
  A goblin (D:1)
  A hobgoblin (D:1)
  2 jackals (D:1)
  2 bats (D:1)
9 creatures vanquished.

Notes
Turn   | Place    | Note
-------+----------+-------------------------------------------
     0 | D:1      | enile the Demigod Wanderer began the quest for the Orb.
     0 | D:1      | enile set off with the following items: a +0 hunting sling,
                  | a +2 buckler, a +0 pair of boots, a +0 robe
     0 | D:1      | Reached XP level 1. HP: 18/18 MP: 3/3
    73 | D:1      | Reached skill level 3 in Fighting
   227 | D:1      | Reached XP level 2. HP: 10/26 MP: 4/4
   233 | D:1      | HP: 1/26 [jackal (3)]
   234 | D:1      | Slain by a jackal

Illustrated notes

Levels and vault maps discovered:
D:1:      nzn_arrival_water_spiral, layout_basic, serial_shops,
          nicolae_shop_trees

Skill      XL: |  1 |
---------------+----+-----
Fighting       | 3 |  3.3
Slings         | |  1.7
Stealth        | |  1.7
Shields        | |  2.6

Action                   || total
-------------------------++-------
 Fire: Hunting sling     ||    45
  Use: Potion            ||     2
Armor: Robe              ||    19
Dodge: Dodged            ||    22
Block: Buckler           ||    22

Table legend: (Time is in decaauts)
 A = Elapsed time spent in this place.
 B = Non-inter-level travel time spent in this place.
 C = Inter-level travel time spent in this place.
 D = Time resting spent in this place.
 E = Time spent auto-exploring this place.
 F = Levels seen in this place.
 G = Mean time per level.
                   A        B        C        D        E       F      G
               +--------+--------+--------+--------+--------+-----+--------+
         Total |    255 |    251 |      4 |      0 |    170 |   1 |  255.0 |
       Dungeon |    255 |    251 |      4 |      0 |    170 |   1 |  255.0 |
               +--------+--------+--------+--------+--------+-----+--------+

Top non-repeatable levels by time:
     D:1: 255 daAuts
